 Dungeon Crawl Stone Soup version 0.29-a0-338-g1ff7896281 (webtiles) character file.

Game seed: 10745790441636197081

10837 spaghetti the Slicer (level 11, -3/88 HPs)
             Began as a Demigod Fighter on Apr 18, 2022.
             Slain by an eight-headed hydra (11 damage)
             ... on level 11 of the Dungeon.
             The game lasted 00:17:01 (11924 turns).

spaghetti the Slicer (Demigod Fighter)             Turns: 11924, Time: 00:17:01

Health: -3/88      AC: 12    Str: 17    XL:     11   Next: 18%
Magic:  14/14      EV: 18    Int: 10    God:
Gold:   426        SH:  8    Dex: 31    Spells: 10/10 levels left

rFire   . . .      SeeInvis .   Q - +2 dagger (flame) {short}
rCold   . . .      Faith    .   f - +0 buckler {reflect}
rNeg    + . .      Spirit   .   z - +2 ring mail {rPois}
rPois   +          Reflect  +   c - +2 helmet
rElec   .          Harm     .   (no cloak)
rCorr   .          Rampage  .   x - +0 pair of gloves
Will    +....                   (no boots)
Stlth   +++.......              (no amulet)
HPRegen 0.24/turn               p - +6 ring of dexterity
MPRegen 0.14/turn               D - ring of positive energy

@: mighty
A: high MP 1, forlorn, divine attributes
a: no special abilities


You were on level 11 of the Dungeon.
You visited 1 branch of the dungeon, and saw 11 of its levels.

You collected 561 gold pieces.
You spent 135 gold pieces at shops.


Innate Abilities, Weirdness & Mutations

You have an increased reservoir of magic. (+10% MP)
You shall have no god before yourself.
Your divine heritage dramatically boosts your attributes as you level up.


   Skills:
 + Level 5.3 Fighting
 - Level 12.0 Short Blades
 - Level 1.0 Throwing
 + Level 4.5 Armour
 * Level 7.3 Dodging
 - Level 2.9 Stealth
 + Level 6.8 Shields


You had 10 spell levels left.
You didn't know any spells.
Your spell library contained the following spells:

 Spells                   Type           Power      Damage    Failure   Level
 Freeze                   Ice            0%         1d3       63%         1
 Ensorcelled Hibernation  Hex/Ice        0%         N/A       77%         2
 Scorch                   Fire           0%         2d5       77%         2
 Frozen Ramparts          Ice            0%         1d2       94%         3
 Ozocubu's Armour         Ice            0%         N/A       94%         3
 Animate Dead             Necr           0%         N/A       100%        4
 Flame Wave               Conj/Fire      0%         2d4       100%        4
 Fulminant Prism          Conj/Hex       0%         3d6       100%        4
 Hailstorm                Conj/Ice       0%         3d3       100%        4
 Iskenderun's Mystic Bla  Conj/Tloc      0%         2d3       100%        4
 Freezing Cloud           Conj/Ice/Air   0%         6-21      100%        5
 Lee's Rapid Deconstruct  Erth           0%         3d5*      100%        5
 Metabolic Englaciation   Hex/Ice        0%         N/A       100%        5
 Simulacrum               Ice/Necr       0%         N/A       100%        6
 Summon Cactus Giant      Summ           0%         N/A       100%        6
 Haunt                    Necr/Summ      0%         N/A       100%        7
 Ignition                 Fire           0%         3d3       100%        8
 Infestation              Necr           0%         N/A       100%        8

Inventory:

Hand Weapons
 q - the +9 short sword of the Gazing Owl {drain, Will+, short}
   (You found it on level 3 of the Dungeon)

   A truly terrible weapon, it drains the life of any living foe it strikes.
   Will:      It increases your willpower.
 Q - a +2 dagger of flaming (weapon) {short}
   (You took it off a kobold on level 10 of the Dungeon)
Missiles
 a - 14 boomerangs {throwing}
 b - 53 poisoned darts {throwing}
 o - 256 stones (quivered) {throwing}
 B - 3 curare-tipped darts {=fthrowing}
Armour
 c - a +2 helmet (worn)
   (You found it on level 7 of the Dungeon)
 f - a +0 buckler of reflection (worn)
   (You took it off a tengu conjurer on level 8 of the Dungeon)
 h - a +1 tower shield
   (You found it on level 1 of the Dungeon)
 x - a +0 pair of gloves (worn)
   (You found it on level 3 of the Dungeon)
 z - a +2 ring mail of poison resistance (worn)
   (You took it off Duvessa on level 4 of the Dungeon)
Magical Staves
 d - a staff of death {!astaff}
   (You found it on level 9 of the Dungeon)
 L - a staff of fire {!astaff}
   (You found it on level 10 of the Dungeon)
Jewellery
 p - a +6 ring of dexterity (left hand)
   (You found it on level 5 of the Dungeon)
 D - a ring of positive energy (right hand)
   (You found it on level 7 of the Dungeon)
 K - a ring of positive energy
   (You took it off a kobold on level 9 of the Dungeon)
Wands
 r - a wand of iceblast (10)
   (You found it on level 6 of the Dungeon)
 t - a wand of flame (13)
   (You found it on level 3 of the Dungeon)
 y - a wand of acid (12)
   (You found it on level 6 of the Dungeon)
 F - a wand of digging (4)
   (You found it on level 7 of the Dungeon)
Scrolls
 m - 4 scrolls of blinking {!r}
 s - 8 scrolls of teleportation {@r4}
 v - 2 scrolls of fog
 w - 2 scrolls of enchant armour
 A - a scroll of vulnerability {!r!r}
 C - a scroll of fear
 G - 2 scrolls of amnesia
 H - a scroll of immolation {unknown}
 I - a scroll of holy word {unknown}
 J - a scroll of enchant weapon
Potions
 e - 2 potions of attraction {!q}
 g - 4 potions of curing {@q1}
 i - 2 potions of heal wounds {@q2}
 j - 2 potions of magic
 k - 2 potions of lignification {unknown}
 l - a potion of cancellation {unknown}
 n - a potion of degeneration {unknown}
 u - a potion of haste {unknown}
 E - a potion of mutation {unknown}
 N - a potion of invisibility {unknown}
 O - a potion of might
 P - a potion of brilliance
Miscellaneous
 M - a tin of tremorstones (2/2) {throwing}
   (You found it on level 10 of the Dungeon)

Dungeon Overview and Level Annotations

Branches:
Dungeon (11/15)            Temple (0/1) D:7            Lair (0/6) D:9
    Orc: D:9-12

Shops:
D:7 [

Portals:
Trove: D:10 (give +3 gold dragon scales)

Annotations:
D:4 1 runed translucent door, exclusion: door, SirDiesAlot's ghost, amateur OgFi

#...)).....# #..#
#..........# #..#
#..........# #..#
#..........# #..#
#..........# #..#
#..........# #..#
#..........# #..#
#..........# #..#
#...D@.....# #..#
#..........# #..#
#..........# #D.#
#..........# #..#
#..........# #..#
#..........# #..#
#..........####..####.
#.....................
######################


You could see an eight-headed hydra.


Message History

An eight-headed hydra is nearby!
An eight-headed hydra is nearby!
You throw a stone {throwing}.
The stone {throwing} hits the eight-headed hydra.
Okay, then.
Okay, then.
Okay, then.
There is a stone staircase leading up here.
You climb upwards.
There is a stone staircase leading down here.
Search for what [? for help]? sci Search for what [Enter for "sci", or ? for help]? flam
There is an open door here.
Items here: )))))).
Q - a +2 dagger of flaming {short}
(D) Dungeon (T) Temple (L) Lair
Where to? (Enter - D:10 @ (x,y), ? - help)
There is an open door here.
There is a stone staircase leading down here.
You climb downwards.
The eight-headed hydra bites you but does no damage.
The eight-headed hydra completely misses you.
You block the eight-headed hydra's attack.
The eight-headed hydra bites you. The eight-headed hydra misses you.
The eight-headed hydra bites you! The eight-headed hydra bites you. x2
The eight-headed hydra bites you but does no damage.
You block the eight-headed hydra's attack.
The eight-headed hydra barely misses you.
The eight-headed hydra bites you! The eight-headed hydra bites you.
The eight-headed hydra bites you!
The eight-headed hydra barely misses you.
The eight-headed hydra misses you.
There is a stone staircase leading up, spattered with blood here. 😮 HP[-36]
You take 36 damage, and now have 52/88 hp.
MASSIVE DAMAGE!! (PAUSE)
Your +2 dagger of flaming {short} bursts into flame!
Q - a +2 dagger of flaming (weapon)
{short} You barely miss the eight-headed hydra.
The eight-headed hydra bites you!
* * * LOW HITPOINT WARNING * * *
You block the eight-headed hydra's attack.
The eight-headed hydra bites you!
* * * LOW HITPOINT WARNING * * *
The eight-headed hydra bites you but does no damage.
The eight-headed hydra closely misses you.
You block the eight-headed hydra's attack.
The eight-headed hydra bites you but does no damage. x2 😨 HP[-22]
You take 22 damage, and now have 30/88 hp.
MASSIVE DAMAGE!! (PAUSE)
You feel much better.
You block the eight-headed hydra's attack.
The eight-headed hydra barely misses you.
The eight-headed hydra bites you.
The eight-headed hydra barely misses you.
The eight-headed hydra bites you but does no damage.
The eight-headed hydra bites you.
* * * LOW HITPOINT WARNING * * *
The eight-headed hydra completely misses you.
The eight-headed hydra bites you.
* * * LOW HITPOINT WARNING * * *
😨 HP[+8]
You regained 8 hp, and now have 38/88 hp.
You feel very mighty all of a sudden.
The eight-headed hydra barely misses you.
You block the eight-headed hydra's attack. x2
The eight-headed hydra bites you.
* * * LOW HITPOINT WARNING * * *
The eight-headed hydra completely misses you.
You block the eight-headed hydra's attack.
The eight-headed hydra bites you.
* * * LOW HITPOINT WARNING * * *
The eight-headed hydra bites you.
* * * LOW HITPOINT WARNING * * *
😨 HP[-10]
You take 10 damage, and now have 28/88 hp.
You puncture the eight-headed hydra! You burn the eight-headed hydra.
You puncture the eight-headed hydra! You burn the eight-headed hydra.
The eight-headed hydra bites you but does no damage.
The eight-headed hydra bites you.
* * * LOW HITPOINT WARNING * * *
The eight-headed hydra barely misses you.
The eight-headed hydra completely misses you.
You block the eight-headed hydra's attack.
The eight-headed hydra bites you but does no damage.
The eight-headed hydra closely misses you.
The eight-headed hydra bites you but does no damage. 😨 HP[-1]
You take 1 damage, and now have 27/88 hp.
You puncture the eight-headed hydra! You burn the eight-headed hydra.
The eight-headed hydra completely misses you.
The eight-headed hydra bites you!
* * * LOW HITPOINT WARNING * * *
The eight-headed hydra bites you!
* * * LOW HITPOINT WARNING * * *
The eight-headed hydra barely misses you.
The eight-headed hydra bites you but does no damage.
You block the eight-headed hydra's attack. x2
The eight-headed hydra bites you!
You die...

Skill      XL: |  1  2  3  4  5  6  7  8  9 10 11 |
---------------+----------------------------------+-----
Stealth        | 1 2 |  2.9
Shields        | 3 4 6 |  6.8
Fighting       | 3 4 5 |  5.3
Armour         | 3 4 |  4.5
Short Blades   | 2 5 7 10 12 | 12.0
Dodging        | 1 3 6 7 |  7.3
Throwing       | 1 |  1.0

Action                   |  1- 3 |  4- 6 |  7- 9 | 10-12 || total
-------------------------+-------+-------+-------+-------++-------
Melee: Rapier            |    82 |       |       |       ||    82
       Long sword        |    21 |       |       |       ||    21
       Short sword       |     9 |   102 |   242 |   282 ||   635
       Dagger            |       |       |       |     4 ||     4
Throw: Stone             |    14 |    57 |   144 |    91 ||   306
Evoke: Wand              |       |     3 |     5 |       ||     8
  Use: Scroll            |     6 |     2 |     4 |     1 ||    13
       Potion            |       |     2 |     3 |     6 ||    11
 Stab: Sleeping          |     1 |     1 |       |       ||     2
Armor: Scale mail        |    27 |       |       |       ||    27
       Leather armour    |    18 |     9 |       |       ||    27
       Ring mail         |       |    12 |    83 |    76 ||   171
Dodge: Dodged            |    25 |    21 |    70 |   129 ||   245
Block: Tower shield      |   105 |    73 |   222 |       ||   400
       Buckler           |       |       |    17 |    81 ||    98
       Reflection        |       |       |     2 |     4 ||     6

Levels and vault maps discovered:
D:1:      minmay_arrival_stair_chambers, layout_basic
D:2:      layout_loops_ring
D:3:      layout_loops_cross, serial_bayou_lake_a
D:4:      layout_basic, ebering_ghost_reflecting_pool, uniq_duvessa
D:5:      layout_gridville, chei_slow_surprise, amethyst_overflow_temple_binary,
          serial_rivers, chequers_serial_rivers_small_3,
          chequers_serial_rivers_room_a, chequers_serial_rivers_micro_a,
          chequers_serial_rivers_room_b, chequers_serial_rivers_micro_c,
          kb_lookout_dungeons_type, st_stairs_12
D:6:      layout_loops_ring, kennysheep_little_box
D:7:      layout_basic, minitemple, minmay_temple_entry_antechambers,
          serial_shops, shop, nicolae_concentric_dashed_squares_mild,
          kennysheep_generic_room_8, uniq_menkaure, uniq_prince_ribbit1
D:8:      layout_basic
D:9:      layout_cave_pools, lemuel_doored_altar, due_lair_maze_entry_diamond,
          serial_bayou_pond_b
D:10:     layout_roguey, enter_trove_3
D:11:     layout_long_grid, gauntlet_entry_generic, kennysheep_pointless_box,
          uniq_erica, uniq_amaemon, uniq_psyche

Notes
Turn   | Place    | Note
-------+----------+-------------------------------------------
     0 | D:1      | spaghetti the Demigod Fighter began the quest for the Orb.
     0 | D:1      | Reached XP level 1. HP: 18/18 MP: 3/3
     0 | D:1      | magus.rc [v1.9.6]
   196 | D:1      | You pick up a book of Frost and begin reading...
   196 | D:1      | You add the spells Freeze, Frozen Ramparts and Hailstorm to
                  | your library.
   463 | D:1      | Reached XP level 2. HP: 25/25 MP: 4/4
   629 | D:1      | Reached skill level 1 in Stealth
   702 | D:1      | Reached skill level 3 in Shields
  1235 | D:2      | You pick up a book of Scorching and begin reading...
  1235 | D:2      | You add the spells Scorch, Flame Wave and Summon Cactus
                  | Giant to your library.
  1566 | D:2      | Reached XP level 3. HP: 27/30 MP: 5/5
  1835 | D:3      | Reached skill level 3 in Fighting
  1835 | D:3      | Reached skill level 3 in Armour
  2203 | D:3      | Identified the +9 short sword of the Gazing Owl {drain,
                  | Will+}
  2329 | D:3      | Reached skill level 2 in Stealth
  2332 | D:3      | Reached XP level 4. HP: 33/38 MP: 6/6
  2335 | D:3      | Reached skill level 2 in Short Blades
  2477 | D:3      | You add the spells Ensorcelled Hibernation, Ozocubu's
                  | Armour, Freezing Cloud and Ignition to your library.
  2477 | D:3      | Got the Disquisition on the Flamy Frostbite
  2747 | D:4      | Noticed a necrophage
  2766 | D:4      | Killed a necrophage
  2767 | D:4      | Reached skill level 1 in Dodging
  2767 | D:4      | Reached XP level 5. HP: 26/45 MP: 7/7
  2900 | D:4      | Noticed Dowan
  2914 | D:4      | Killed Dowan
  3031 | D:4      | Noticed Duvessa
  3039 | D:4      | Killed Duvessa
  3040 | D:4      | Reached XP level 6. HP: 43/51 MP: 8/8
  3339 | D:4      | Reached skill level 1 in Throwing
  3341 | D:4      | Found a runed translucent door.
  3356 | D:4      | Noticed SirDiesAlot's ghost (amateur OgFi)
  3517 | D:4      | Reached skill level 3 in Short Blades
  3721 | D:4      | Noticed a steam dragon
  4004 | D:5      | Entered Level 5 of the Dungeon
  4140 | D:5      | Reached skill level 4 in Short Blades
  4388 | D:5      | Noticed a water moccasin
  4397 | D:5      | Killed a water moccasin
  4398 | D:5      | Reached skill level 5 in Short Blades
  4398 | D:5      | Reached XP level 7. HP: 57/57 MP: 9/9
  4914 | D:5      | Reached skill level 6 in Short Blades
  5290 | D:5      | Reached skill level 7 in Short Blades
  5353 | D:5      | Reached XP level 8. HP: 27/63 MP: 10/10
  5776 | D:6      | You pick up a book of Winter and begin reading...
  5776 | D:6      | You add the spells Metabolic Englaciation and Simulacrum to
                  | your library.
  6016 | D:6      | Reached skill level 8 in Short Blades
  6570 | D:7      | Reached skill level 9 in Short Blades
  6665 | D:7      | Found a staircase to the Ecumenical Temple.
  7025 | D:7      | Noticed Prince Ribbit
  7033 | D:7      | Killed Prince Ribbit
  7163 | D:7      | Found Wimnil's Antique Armour Emporium.
  7172 | D:7      | Bought a pair of gloves for 135 gold pieces
  7209 | D:7      | Noticed Menkaure
  7219 | D:7      | Reached skill level 10 in Short Blades
  7219 | D:7      | Reached XP level 9. HP: 38/70 MP: 11/11
  7221 | D:7      | Killed Menkaure
  7627 | D:7      | You pick up a book of Death and begin reading...
  7627 | D:7      | You add the spells Animate Dead, Haunt and Infestation to
                  | your library.
  7888 | D:8      | Reached skill level 11 in Short Blades
  8658 | D:9      | Noticed a tengu conjurer
  8660 | D:9      | Noticed a tengu conjurer
  8674 | D:8      | Killed a tengu conjurer
  8675 | D:8      | Reached skill level 12 in Short Blades
  8681 | D:8      | Killed a tengu conjurer
  8682 | D:8      | Reached skill level 2 in Dodging
  8682 | D:8      | Reached skill level 4 in Shields
  8925 | D:9      | Reached skill level 3 in Dodging
  8937 | D:8      | Reached XP level 10. HP: 41/77 MP: 13/13
  9105 | D:8      | Reached skill level 5 in Shields
  9122 | D:9      | HP: 6/77 [orc warrior/+0 war axe (16)]
  9288 | D:9      | Reached skill level 4 in Dodging
  9537 | D:9      | Found a staircase to the Lair.
  9543 | D:9      | Noticed a boulder beetle
  9637 | D:9      | You pick up a book of Blasting and begin reading...
  9637 | D:9      | You add the spells Fulminant Prism, Iskenderun's Mystic
                  | Blast and Lee's Rapid Deconstruction to your library.
  9659 | D:9      | Killed a boulder beetle
  9660 | D:9      | Reached skill level 5 in Dodging
  9755 | D:9      | Reached skill level 4 in Fighting
  9781 | D:9      | Reached skill level 6 in Shields
  9900 | D:9      | Reached skill level 6 in Dodging
 10545 | D:10     | Entered Level 10 of the Dungeon
 10841 | D:10     | Reached skill level 4 in Armour
 10852 | D:10     | Reached XP level 11. HP: 77/85 MP: 14/14
 10863 | D:10     | Reached skill level 5 in Fighting
 11263 | D:10     | Found a portal to a secret trove of treasure.
 11269 | D:10     | This trove needs +3 gold dragon scales to function. Give it
                  | the item?
 11319 | D:11     | Noticed Psyche
 11332 | D:10     | Reached skill level 7 in Dodging
 11457 | D:10     | Killed Psyche
 11480 | D:10     | HP: 19/86 [something (8)]
 11870 | D:11     | Noticed an eight-headed hydra
 11924 | D:11     | HP: 16/88 [eight-headed hydra (11)]
 11924 | D:11     | Slain by an eight-headed hydra

Vanquished Creatures
  A boulder beetle (D:9)
  A komodo dragon (D:9)
  An unseen horror (D:10)
  Psyche (D:10)
  2 tengu conjurers (D:8)
  3 trolls
  Prince Ribbit (D:7)
  A wyvern (D:9)
  A shadow (D:10)
  A vampire (D:11)
  14 yaks
  2 steam dragons
  Menkaure (D:7)
  5 water moccasins
  Duvessa (D:4)
  2 ice beasts
  6 orc warriors
  2 sky beasts (D:7)
  5 black bears
  An ogre (D:6)
  5 centaurs
  5 necrophages
  4 kobold brigands
  5 bullfrogs
  2 scorpions
  4 wights (D:8)
  Dowan (D:4)
  12 killer bees
  An electric eel (D:9)
  2 howler monkeys
  3 hounds
  2 jellies
  A gnoll shaman (D:7)
  8 orc priests
  4 iguanas
  9 orc wizards
  6 gnolls
  7 adders
  2 shadow imps
  2 ufetubi
  35 orcs
  4 ball pythons
  5 endoplasms
  5 giant cockroaches
  4 goblins
  4 hobgoblins
  4 jackals (D:1)
  23 kobolds
  4 quokkas
  6 bats
  A frilled lizard (D:2)
  2 rats
234 creatures vanquished.

Vanquished Creatures (others)
  An orc (D:9)
  21 fungi (D:9)
  42 plants
64 creatures vanquished.

Grand Total: 298 creatures vanquished

Table legend:
 A = Non-vault XP
 B = Vault XP
 C = Vault XP percentage of total XP
 D = Non-vault monster count
 E = Vault monster count
 F = Vault count percentage of total count
                 A         B        C        D         E       F
            +---------+---------+-------+---------+---------+-------
      Total |   12365 |    3117 |  20.1 |     213 |      21 |   9.0
            +---------+---------+-------+---------+---------+-------
        D:1 |      28 |       0 |   0.0 |      15 |       0 |   0.0
        D:2 |      30 |       0 |   0.0 |      11 |       0 |   0.0
        D:3 |      80 |       0 |   0.0 |      13 |       0 |   0.0
        D:4 |     215 |     216 |  50.1 |      22 |       2 |   8.3
        D:5 |    1105 |     151 |  12.0 |      31 |       2 |   6.1
        D:6 |     328 |       0 |   0.0 |       5 |       0 |   0.0
        D:7 |    1248 |     513 |  29.1 |      28 |       3 |   9.7
        D:8 |    2847 |     373 |  11.6 |      26 |       3 |  10.3
        D:9 |    3077 |    1506 |  32.9 |      25 |      10 |  28.6
       D:10 |    3017 |     358 |  10.6 |      33 |       1 |   2.9
       D:11 |     390 |       0 |   0.0 |       4 |       0 |   0.0
            +---------+---------+-------+---------+---------+-------

Illustrated notes

Table legend:
 A = Kills in this place as a percentage of kills in entire the game.
 B = Kills by you in this place as a percentage of kills by you in the entire game.
 C = Kills by friends in this place as a percentage of kills by friends in the entire game.
 D = Other kills in this place as a percentage of other kills in the entire game.
 E = Experience gained in this place as a percentage of experience gained in the entire game.
 F = Experience gained in this place divided by the number of levels of this place that you have seen.
                   A       B       C       D       E      F
               +-------+-------+-------+-------+-------+----------------------
         Total | 100.0 | 100.0 |   N/A |   N/A | 100.0 | 1407.5
       Dungeon | 100.0 | 100.0 |   N/A |   N/A | 100.0 | 1407.5
               +-------+-------+-------+-------+-------+----------------------

Table legend: (Time is in decaauts)
 A = Elapsed time spent in this place.
 B = Non-inter-level travel time spent in this place.
 C = Inter-level travel time spent in this place.
 D = Time resting spent in this place.
 E = Time spent auto-exploring this place.
 F = Levels seen in this place.
 G = Mean time per level.
                   A        B        C        D        E       F      G
               +--------+--------+--------+--------+--------+-----+--------+
         Total |  12028 |  11695 |    333 |   1941 |   7861 |  11 | 1093.5 |
       Dungeon |  12028 |  11695 |    333 |   1941 |   7861 |  11 | 1093.5 |
               +--------+--------+--------+--------+--------+-----+--------+

Top non-repeatable levels by time:
     D:5: 1779 daAuts
     D:8: 1751 daAuts
     D:4: 1425 daAuts
     D:7: 1299 daAuts
    D:10: 1106 daAuts
     D:1: 1068 daAuts
     D:9: 986 daAuts
     D:3: 948 daAuts
     D:6: 747 daAuts
     D:2: 706 daAuts
    D:11: 208 daAuts
